AoeStats
← 阿基米德

Arabia

510429014Analyzed
1v1 RM · 17h ago on Oct 1, 2026· 29m 1s· 2 players
Game mode
Random Map
Map size
Tiny (2 player)
Population
200
Speed
Normal
Resources
Standard
Victory
Conquest
Starting age
Dark Age
Ending age
Imperial Age
RankedLock teamsTeams togetherTeam positionsShared explorationLock speedFull tech treeHidden civsTurbo modeCheats
Victory
Defeat
🇺🇸 Bohemians · United States
944
+15
🇨🇳 Tatars · China
917
-15
阿基米德
9:54 Feudal Age
18:41 Castle Age
19:45 Crossbowman
20:33 Double-Bit Axe
20:31 Horse Collar
27:28 Fletching
StampedVoice276
12:18 Feudal Age
11:12 Loom
13:06 Double-Bit Axe
17:46 Castle Age
19:09 Bow Saw
19:03 Elite Skirmisher
20:14 Fletching
20:26 Padded Archer Armor
22:08 Elite Skirmisher
23:14 Leather Archer Armor
22:55 Bodkin Arrow
24:54 Pikeman
Connection lost

Rejoining the realm…

Still unreachable

The connection could not be restored.

Session expired

The server has moved on; the page needs a fresh start.